 Dungeon Crawl Stone Soup version 0.22.1-1-ga44c0e5 (webtiles) character file.

175 Folque the Chucker (level 5, 0/49 HPs)
             Began as an Ogre Arcane Marksman on Sept 25, 2018.
             Killed by divine providence
             ... invoked by an orc priest
              (17 damage)
             ... on level 4 of the Dungeon.
             The game lasted 00:08:43 (2724 turns).

Folque the Chucker (Ogre Arcane Marksman)           Turns: 2724, Time: 00:08:45

Health: 0/49       AC:  3    Str: 14    XL:     5   Next: 55%
Magic:  8/9        EV: 10    Int: 14    God:
Gold:   127        SH:  0    Dex: 10    Spells: 1/10 levels left

rFire    . . .     SeeInvis .   C - +1 flail (drain)
rCold    . . .     Gourm    .   (no shield)
rNeg     . . .     Faith    .   a - +0 robe
rPois    .         Spirit   .   (helmet restricted)
rElec    .         Reflect  .   (no cloak)
rCorr    .         Harm     .   (gloves unavailable)
MR       .....                  (boots unavailable)
Stlth    +.........             u - amulet of the acrobat
HPRegen  0.16/turn              (no ring)
MPRegen  0.11/turn              (no ring)

@: lethally poisoned (0 -> -1), very slightly contaminated, drained
A: large, unfitting armour, tough skin 1
a: no special abilities


You were on level 4 of the Dungeon.
You were not hungry.

You visited 1 branch of the dungeon, and saw 4 of its levels.

You collected 127 gold pieces.

Inventory:

Hand Weapons
 g - a +0 quarterstaff
 j - a +0 hand axe
 r - a +0 great sword
 w - a +5 short sword
 A - a +0 hunting sling
 C - a +1 flail of draining (weapon)
Missiles
 c - 4 large rocks (quivered)
 d - 2 throwing nets
 l - 54 sling bullets
 s - 6 needles of sleeping
Armour
 a - a +0 robe (worn)
 n - a +0 shield
Jewellery
 o - a cursed -3 ring of dexterity {unknown}
 p - an uncursed ring of stealth {unknown}
 u - an amulet of the acrobat (around neck)
Wands
 y - a wand of paralysis (10)
 F - a wand of acid (8)
Scrolls
 e - a scroll of random uselessness {unknown}
 h - a scroll of enchant weapon {unknown}
 i - 3 scrolls of identify
 k - a scroll of magic mapping
 q - a scroll of amnesia {unknown}
 z - a scroll of blinking {unknown}
 B - a scroll of noise {unknown}
 D - 2 scrolls of teleportation {unknown}
 E - a scroll of remove curse {unknown}
Potions
 b - 3 potions of curing {unknown}
 m - a potion of resistance {unknown}
 t - a potion of agility {unknown}
 v - a potion of flight {unknown}
 x - a potion of mutation {unknown}
Comestibles
 f - 5 rations
 G - 4 chunks of flesh


   Skills:
 - Level 2.0(1.9) Fighting
 + Level 3.6(3.5) Throwing
 - Level 1.7(1.6) Dodging
 - Level 0.1(0.0) Unarmed Combat
 - Level 3.0(2.9) Spellcasting
 - Level 3.1 Hexes
 * Level 1.7(1.6) Translocations


You had one spell level left.
You knew the following spells:

 Your Spells              Type           Power        Failure   Level  Hunger
a - Corona                Hex            ##.....      6%          1    #......
b - Portal Projectile     Hex/Tloc       #.....       24%         3    ###....
c - Inner Flame           Hex/Fire       #.......     34%         3    ###....
d - Slow                  Hex            ##......     9%          2    ##.....

Your spell library contained the following spells:

 Spells                   Type           Power        Failure   Level  Hunger
 Confusing Touch          Hex            ##....       6%          1    #......
 Apportation              Tloc           #.....       11%         1    #......
 Animate Skeleton         Necr           N/A          22%         1    #......
 Summon Small Mammal      Summ           #...         22%         1    #......
 Cause Fear               Hex            ##........   52%         4    #####..
 Leda's Liquefaction      Hex/Erth       #.........   75%         4    #####..


Dungeon Overview and Level Annotations

Branches:
Dungeon (4/15)
 Temple: D:4-7

Altars:

Annotations:
D:3 2 transporters, Curus's ghost, amateur DsGl


Innate Abilities, Weirdness & Mutations

You are too large for most types of armour.
You have tough skin. (AC +1)


Message History

The adder is severely wounded.
The hound skeleton misses you. The adder closely misses you.
The hound skeleton bites you but does no damage.
The orc shouts!
You hit the adder.
The adder is almost dead.
You feel sick. The adder barely misses you.
An orc priest comes into view. It is wielding a flail.
The hound skeleton closely misses you. The adder bites you.
An orc comes into view. It is wielding a flail of distortion.
The orc jeers repeatedly.
The orc hits you with a mace.
You barely miss the adder.
The adder is almost dead.
The orc priest shouts!
The orc shouts!
The hound skeleton bites you. The adder bites you but does no damage.
The hound skeleton bites you. The adder barely misses you.
The orc priest calls down the wrath of Beogh upon you.
Beogh smites you!
You die...

** ***,,,,,,,,*,,****, *
**,,,...,,,,,,,,,
*,,,...,,,,,,,,, **,.o..,,,,,,,,,
* *.....,,,,,,,,, **
*##.....,,,,,,,,, ,****
###o.>....,,,,,,,,, ,,,.####*
###.oZo.....,,,,,,,,,
,,,.....#####...@So....!,,,,,,,,,
,,,*#........#####..=...,,,,,,,,,
**,*####...### **#....,,,,,,,,,
**,* ####..### **#..,,,,,,,,,
≈≈,**#.......## **#,,,,,,,,,
≈≈,*#.........## **,,,,,,,,
,,,............# ***,,,,,,
≈≈,............## **,,,,,
≈≈,#............# ###### ***,,,


You could see an orc priest, an adder, 4 orcs and a hound skeleton.

Vanquished Creatures
  Jessica (D:2)
  Ijyb (D:3)
  A worker ant (D:4)
  A hound skeleton (D:4)
  2 adders (D:2)
  An adder skeleton (D:4)
  6 dart slugs
  A leopard gecko (D:3)
  2 orcs
  4 bats (D:2)
  3 giant cockroaches
  6 goblins
  8 hobgoblins
  7 kobolds
  A ball python (D:3)
  2 frilled lizards
  A leopard gecko zombie (D:4)
  7 rats
55 creatures vanquished.

Notes
Turn   | Place    | Note
-------+----------+-------------------------------------------
     0 | D:1      | Folque the Ogre Arcane Marksman began the quest for the
                  | Orb.
     0 | D:1      | Reached XP level 1. HP: 19/19 MP: 2/2
   333 | D:1      | Reached XP level 2. HP: 18/27 MP: 3/3
   931 | D:2      | Reached XP level 3. HP: 20/35 MP: 0/4
   965 | D:2      | Learned a level 3 spell: Portal Projectile
  1370 | D:2      | Noticed Jessica
  1372 | D:2      | Killed Jessica
  1372 | D:2      | Reached XP level 4. HP: 38/42 MP: 4/7
  1377 | D:2      | Learned a level 3 spell: Inner Flame
  1901 | D:3      | Found a transporter.
  1901 | D:3      | Noticed Curus's ghost (amateur DsGl)
  2045 | D:3      | Found a transporter.
  2053 | D:3      | Learned a level 2 spell: Slow
  2199 | D:3      | Noticed Ijyb
  2215 | D:3      | Killed Ijyb
  2215 | D:3      | Reached skill level 1 in Translocations
  2215 | D:3      | Reached XP level 5. HP: 41/49 MP: 7/9
  2724 | D:4      | Killed from afar by an orc priest

Skill      XL: |  1  2  3  4 |
---------------+-------------+-----
Hexes          | 3 |  3.1
Fighting       | 2 |  2.0
Throwing       | 3 |  3.6
Spellcasting   | 2 3 |  3.0
Translocations | 1 |  1.7
Dodging        | |  1.7
Unarmed Combat | |  0.1

Action                   |  1- 3 |  4- 6 || total
-------------------------+-------+-------++-------
Melee: Hand axe          |    81 |    37 ||   118
       Unarmed           |     3 |       ||     3
       Flail             |       |    51 ||    51
Throw: Large rock        |     5 |       ||     5
 Cast: Corona            |    18 |     7 ||    25
  Use: Scroll            |       |     2 ||     2
  Eat: Chunk             |     2 |     5 ||     7
Armor: Robe              |    19 |    29 ||    48
Dodge: Dodged            |    45 |    64 ||   109
